 Dungeon Crawl Stone Soup version 0.26-a0-850-g97a50ab700 (webtiles) character file.

Game seed: 3464898930723922126

2660 jiml777 the Thaumaturge (level 9, -4/49 HPs)
             Began as a Deep Elf Air Elementalist on Nov 20, 2020.
             Slain by a bullfrog (5 damage)
             ... on level 7 of the Dungeon.
             The game lasted 00:57:26 (8394 turns).

jiml777 the Thaumaturge (Deep Elf Air Elementalist) Turns: 8394, Time: 00:57:27

Health: -4/49      AC:  5    Str:  5    XL:     9   Next: 36%
Magic:  1/24       EV: 15    Int: 29    God:
Gold:   116        SH:  0    Dex: 15    Spells: 8/27 levels left

rFire    . . .     SeeInvis .   x - +9 dagger of Watchfulness {flame, rC+ Int+5}
rCold    + . .     Faith    .   (no shield)
rNeg     . . .     Spirit   .   a - +0 robe
rPois    .         Reflect  .   (no helmet)
rElec    .         Harm     .   i - scarf {repulsion}
rCorr    .         Rampage  .   (no gloves)
MR       .....                  r - +2 pair of boots
Stlth    +++.......             (no amulet)
HPRegen  0.16/turn              (no ring)
MPRegen  0.19/turn              (no ring)

@: studying Dodging, repel missiles
A: no striking features
a: no special abilities


You were on level 7 of the Dungeon.
You visited 1 branch of the dungeon, and saw 7 of its levels.
You also visited: Ossuary.

You collected 494 gold pieces.
You spent 378 gold pieces at shops.

Inventory:

Hand Weapons
 c - a +2 dagger
 x - the +9 dagger of Watchfulness (weapon) {flame, rC+ Int+5}
   (You found it on level 4 of the Dungeon)

   It has been specially enchanted to burn those struck by it, causing extra
   injury to most foes and up to half again as much damage against particularly
   susceptible opponents.
   It affects your intelligence (+5).
   It protects you from cold.
Missiles
 j - 7 atropa-tipped darts (quivered)
 o - 106 arrows
 u - 3 throwing nets
 C - 5 curare-tipped darts
Armour
 a - a +0 robe (worn)
 f - +0 ice dragon scales
 i - a scarf of repulsion (worn)
 k - a scarf of harm
 r - a +2 pair of boots (worn)
Magical Staves
 v - an uncursed staff of fire
 D - an uncursed staff of conjuration
Wands
 e - a wand of random effects (13)
 s - a wand of enslavement (7)
 y - a wand of flame (15)
Scrolls
 g - 6 scrolls of teleportation
 l - a scroll of fear
 m - 2 scrolls of fog
 w - 3 scrolls of remove curse
 E - a scroll of identify
Potions
 b - 4 potions of curing
 d - 2 potions of resistance
 h - 3 potions of ambrosia
 n - 2 potions of haste
 p - 3 potions of brilliance
 q - 2 potions of might
 t - a potion of flight
 z - 3 potions of lignification
 B - a potion of mutation
Books
 A - a manual of Dodging


   Skills:
 * Level 2.7 Fighting
 * Level 2.7 Short Blades
 * Level 4.6 Dodging
 + Level 4.1 Stealth
 + Level 9.5 Spellcasting
 * Level 4.4 Conjurations
 * Level 3.2 Hexes
 * Level 2.3 Translocations
 + Level 7.2 Air Magic
 * Level 2.4 Evocations


You had 8 spell levels left.
You knew the following spells:

 Your Spells              Type           Power        Failure   Level
a - Shock                 Conj/Air       ####         1%          1
b - Swiftness             Air            ######..     1%          2
c - Static Discharge      Conj/Air       #####...     1%          3
d - Airstrike             Air            ######....   1%          4
e - Lightning Bolt        Conj/Air       #####.....   10%         5
f - Blink                 Tloc           N/A          2%          2
g - Slow                  Hex            ####....     1%          2

Your spell library contained the following spells:

 Spells                   Type           Power        Failure   Level
 Magic Dart               Conj           ####         1%          1
 Mephitic Cloud           Conj/Pois/Air  #####...     2%          3
 Beastly Appendage        Tmut           ##....       4%          1
 Conjure Flame            Conj/Fire      ####....     4%          3
 Call Imp                 Summ           ##......     6%          2
 Wereblood                Tmut           ##......     6%          2
 Spider Form              Tmut/Pois      ##........   12%         3
 Ice Form                 Ice/Tmut       ##......     36%         4
 Blade Hands              Tmut           ##........   73%         5


Dungeon Overview and Level Annotations

Branches:
Dungeon (7/15)            Ossuary (visited)
 Temple: D:4-7

Altars:
Dithmenos
Makhleb
Wu Jian

Shops:
D:5 ::!(


Message History

The bullfrog hits you.
* * * LOW HITPOINT WARNING * * *
Casting: Airstrike (dangerous; 1% risk of failure)
Confirm with . or Enter, or press ? or * to list all spells.
Aiming: Airstrike (dangerous; 1% risk of failure)
Press: ? - help, Dir - move target cursor, f - bullfrog
Aim: a bullfrog The air twists around and strikes the bullfrog!
The bullfrog is heavily wounded.
The bullfrog hits you.
* * * LOW HITPOINT WARNING * * *
Casting: Airstrike (dangerous; 1% risk of failure)
Confirm with . or Enter, or press ? or * to list all spells.
Press: ? - help, Shift-Dir - straight line, p - bullfrog The zap hits the bullfrog.
The bullfrog is heavily wounded.
The zap misses the bullfrog.
The bullfrog hits you.
* * * LOW HITPOINT WARNING * * *
The bullfrog hits you.
You die...

#............#.
#............#.
##............##
#...........###
#...........+
#...........#
######O..........#
#....F##########...
#...@.# ....
#.....# ....
#.....# ..
#.....####
#........#
#........#
#........#
#........#
#........#


You could see an ogre and a bullfrog.

Vanquished Creatures
  Harold (D:7)
  Eustachio (D:5)
  An orc warrior (D:6)
  An ice beast (D:6)
  An ogre (D:4)
  2 centaurs (D:5)
  An elf zombie (Ossuary)
  3 bullfrogs
  2 scorpions
  5 killer bees (D:7)
  A howler monkey (D:2)
  A centaur zombie (D:6)
  4 hounds
  A human zombie (Ossuary)
  An orc wizard (D:4)
  3 bullfrog skeletons
  2 iguanas
  Ijyb (D:3)
  4 worker ants
  A big kobold zombie (Ossuary)
  5 mummies
  A worker ant zombie (D:6)
  8 adders
  4 gnolls
  An ooze (D:3)
  An adder skeleton (D:5)
  An adder zombie (Ossuary)
  A worm (D:2)
  4 dart slugs
  4 leopard geckos
  7 orcs
  2 ball pythons
  5 bats
  3 giant cockroaches
  9 goblins
  9 hobgoblins
  10 kobolds
  5 quokkas
  6 frilled lizards
  2 gnoll zombies (Ossuary)
  3 goblin zombies (Ossuary)
  2 jackal zombies
  2 kobold zombies (Ossuary)
  A quokka skeleton (D:4)
  6 rats
139 creatures vanquished.

Notes
Turn   | Place    | Note
-------+----------+-------------------------------------------
     0 | D:1      | jiml777 the Deep Elf Air Elementalist began the quest for
                  | the Orb.
     0 | D:1      | Reached XP level 1. HP: 10/10 MP: 6/6
   315 | D:1      | Reached XP level 2. HP: 15/15 MP: 5/8
   831 | D:1      | Reached XP level 3. HP: 19/19 MP: 1/9
  1043 | D:2      | Learned a level 2 spell: Swiftness
  1047 | D:2      | Learned a level 3 spell: Static Discharge
  1348 | D:2      | Reached skill level 4 in Spellcasting
  1348 | D:2      | Reached XP level 4. HP: 24/24 MP: 4/12
  1354 | D:2      | Learned a level 4 spell: Airstrike
  2376 | D:3      | Reached XP level 5. HP: 28/28 MP: 10/13
  2701 | D:3      | Noticed Ijyb
  2715 | D:3      | Killed Ijyb
  2716 | D:3      | Reached skill level 5 in Spellcasting
  3243 | D:4      | Reached XP level 6. HP: 32/32 MP: 8/16
  3664 | D:4      | Got a fading dagger
  3664 | D:4      | Identified the +9 dagger of Watchfulness {flame, rC+ Int+5}
                  | (You found it on level 4 of the Dungeon)
  3671 | D:4      | Learned a level 5 spell: Lightning Bolt
  3770 | D:4      | Reached skill level 6 in Spellcasting
  4043 | D:4      | Found a burning altar of Makhleb.
  4134 | D:5      | Entered Level 5 of the Dungeon
  4136 | D:5      | Found Imuitokub's Book Boutique.
  4149 | D:5      | Reached skill level 5 in Air Magic
  4428 | D:5      | Found Cuyf's Book Shop.
  4504 | D:5      | Reached XP level 7. HP: 36/36 MP: 15/18
  4524 | D:5      | Noticed Eustachio
  4530 | D:5      | Killed Eustachio
  4531 | D:5      | Reached skill level 7 in Spellcasting
  4975 | D:5      | Reached skill level 1 in Short Blades
  5049 | D:5      | Found Ryudiah's Antique Weapon Shop.
  5244 | D:5      | Reached skill level 8 in Spellcasting
  5281 | D:5      | Found Ziaxisedgh's Distillery.
  5289 | D:5      | Bought a potion of heal wounds for 65 gold pieces
  5289 | D:5      | Bought a potion of degeneration for 13 gold pieces
  5337 | D:5      | Found a shadowy altar of Dithmenos.
  5578 | D:6      | Reached skill level 1 in Fighting
  5669 | D:6      | Found a sand-covered staircase.
  5676 | D:6      | Reached XP level 8. HP: 43/43 MP: 6/22
  5778 | Ossuary  | Entered an ossuary
  6588 | D:5      | Bought a book of Minor Magic for 300 gold pieces
  6591 | D:5      | Learned a level 2 spell: Blink
  6594 | D:5      | Learned a level 2 spell: Slow
  7034 | D:6      | Reached skill level 1 in Hexes
  7034 | D:6      | Reached skill level 1 in Evocations
  7258 | D:6      | Reached skill level 1 in Translocations
  7438 | D:6      | Found an ornate altar of the Wu Jian Council.
  7947 | D:7      | Reached skill level 9 in Spellcasting
  8055 | D:7      | Noticed Harold
  8086 | D:7      | Killed Harold
  8087 | D:7      | Reached XP level 9. HP: 26/49 MP: 2/24
  8394 | D:7      | HP: 1/49 [bullfrog (5)]
  8394 | D:7      | Slain by a bullfrog

Illustrated notes

Levels and vault maps discovered:
D:1:      grunt_arrival_crossed_arrows, layout_loops_ring
D:2:      layout_loops_ring
D:3:      layout_loops_ring, minivault_24, uniq_ijyb
D:4:      layout_basic, kennysheep_little_box, minmay_misc_feat_rugged
D:5:      layout_loops_ring, serial_shops, shop, kennysheep_mini, shop, shop,
          nicolae_dithmenos_through_a_glass_darkly, uniq_eustachio
D:6:      minmay_recursive_quarters, layout_loops_ring,
          lemuel_coloured_pillars_altar, gup_ossuary_entry_pyramid, nrook_uturn,
          grunt_ministairs_12
D:7:      layout_gridville, gammafunk_temple_overflow_pools,
          minmay_temple_entry_trees, serial_shops, shop,
          minmay_manual_monstrance, uniq_harold

Skill      XL: |  1  2  3  4  5  6  7  8  9 |
---------------+----------------------------+-----
Spellcasting   | 4 5 6 8 9 |  9.5
Air Magic      | 4 5 6 7 |  7.2
Stealth        | 3 4 |  4.1
Conjurations   | 2 3 4 |  4.4
Dodging        | 3 4 |  4.6
Short Blades   | 1 2 |  2.7
Fighting       | 1 2 |  2.7
Hexes          | 3 |  3.2
Evocations     | 2 |  2.4
Translocations | 2 |  2.3

Action                   |  1- 3 |  4- 6 |  7- 9 || total
-------------------------+-------+-------+-------++-------
Melee: Dagger            |       |       |    27 ||    27
 Cast: Shock             |    59 |    91 |    39 ||   189
       Airstrike         |       |    13 |    55 ||    68
       Static Discharge  |       |       |     9 ||     9
  Use: Scroll            |       |    12 |    10 ||    22
       Potion            |       |       |     3 ||     3
Armor: Robe              |     1 |     2 |    13 ||    16
Dodge: Dodged            |     5 |    14 |    78 ||    97

Table legend: (Time is in decaauts)
 A = Elapsed time spent in this place.
 B = Non-inter-level travel time spent in this place.
 C = Inter-level travel time spent in this place.
 D = Time resting spent in this place.
 E = Time spent auto-exploring this place.
 F = Levels seen in this place.
 G = Mean time per level.
                   A        B        C        D        E       F      G
               +--------+--------+--------+--------+--------+-----+--------+
         Total |   8389 |   8169 |    220 |   3353 |   3259 |   8 | 1048.6 |
       Dungeon |   7649 |   7429 |    220 |   2825 |   3259 |   7 | 1092.7 |
       Ossuary |    740 |    740 |      0 |    528 |      0 |   1 |  740.0 |
               +--------+--------+--------+--------+--------+-----+--------+

Top non-repeatable levels by time:
     D:5: 1532 daAuts
     D:6: 1232 daAuts
     D:3: 1105 daAuts
     D:4: 1059 daAuts
     D:1: 1013 daAuts
     D:2: 952 daAuts
     D:7: 752 daAuts
 Ossuary: 740 daAuts
